AoeStats
← Lord_M@ster

Arena

510236341Analyzed
2v2 RM · 16h ago on Sep 30, 2026· 34m 58s· 4 players
Game mode
Random Map
Map size
Medium (4 player)
Population
200
Speed
Normal
Resources
Standard
Victory
Conquest
Starting age
Dark Age
Ending age
Imperial Age
RankedLock teamsTeams togetherTeam positionsShared explorationLock speedFull tech treeHidden civsTurbo modeCheats
Victory
Defeat
🇭🇳 Celts · Honduras
1426
+14
🇭🇳 Burgundians · Honduras
1426
+14
🇦🇷 Chinese · Argentina
1401
-14
🇲🇽 Portuguese · Mexico
1378
-14
Lord_M@ster
0:39 Loom
11:24 Feudal Age
12:39 Double-Bit Axe
15:26 Castle Age
13:57 Horse Collar
16:25 Bow Saw
23:10 Wheelbarrow
24:01 Hand Cart
23:59 Stone Mining
28:39 Imperial Age
26:07 Stone Mining
26:11 Gold Mining
26:57 Fletching
27:08 Padded Archer Armor
27:32 Bodkin Arrow
28:59 Gold Shaft Mining
29:09 Heavy Plow
29:26 Leather Archer Armor
30:14 Conscription
31:17 Chemistry
31:36 Bracer
31:21 Elite Chu Ko Nu
32:38 Ring Archer Armor
32:50 Conscription
34:42 Town Watch
Marco Aurelio
9:54 Feudal Age
14:11 Castle Age
12:53 Double-Bit Axe
13:19 Horse Collar
13:40 Loom
16:24 Bow Saw
26:36 Fletching
29:27 Imperial Age
28:59 Heavy Plow
31:28 Chemistry
[TeBrR] Overlord201
0:32 Loom
2:24 Loom
2:51 Loom
3:23 Double-Bit Axe
8:36 Horse Collar
10:54 Feudal Age
14:47 Castle Age
13:31 Bow Saw
13:47 Heavy Plow
25:41 Imperial Age
24:03 Gold Mining
24:05 Stone Mining
25:44 Two-Man Saw
24:23 Cavalier
25:56 Scale Barding Armor
26:01 Forging
26:14 Husbandry
27:52 Chemistry
27:42 Paladin
29:19 Iron Casting
32:35 Wheelbarrow
33:13 Gold Shaft Mining
34:30 Chain Barding Armor
35:11 Blast Furnace
35:18 Conscription
[TeBrR] Bandwidth
9:42 Feudal Age
9:38 Loom
10:03 Loom
13:59 Castle Age
12:23 Double-Bit Axe
13:28 Horse Collar
13:41 Stone Mining
14:55 Bow Saw
17:50 Scale Mail Armor
26:59 Imperial Age
28:08 Wheelbarrow
28:38 Chain Mail Armor
29:27 Town Watch
30:26 Conscription
29:47 Capped Ram
34:37 Hoardings
35:03 Arson
35:03 Gambesons
35:03 Arson
35:03 Gambesons
Connection lost

Rejoining the realm…

Still unreachable

The connection could not be restored.

Session expired

The server has moved on; the page needs a fresh start.